 Dungeon Crawl Stone Soup version 0.30-a0-371-gad7725a93e (webtiles) character file.

Game seed: 13360664692432795328

270 HoaS the Skirmisher (level 6, 0/52 HPs)
             Began as a Kobold Hunter on Nov 20, 2022.
             Succumbed to a killer bee's poison
             ... on level 4 of the Dungeon.
             The game lasted 00:04:26 (2879 turns).

HoaS the Skirmisher (Kobold Hunter)                 Turns: 2879, Time: 00:04:27

Health: 0/52       AC: 23    Str:  5 (8)  XL:     6   Next: 46%
Magic:  6/6        EV:  3    Int: 10      God:
Gold:   782        SH:  0    Dex: 18 (21) Spells: 5/5 levels left

rFire   . . .      SeeInvis .    (weapon restricted)
rCold   . . .      Faith    .    (no shield)
rNeg    + . .      Spirit   .    (body armour currently unavailable)
rPois   +          Reflect  .    (helmet currently unavailable)
rElec   .          Harm     .    (cloak currently unavailable)
rCorr   .          Rampage  .    (gloves currently unavailable)
Will    .....      NoTele   +    (boots currently unavailable)
Stlth   +++.......               (no amulet)
HPRegen 0.28/turn                g - ring of positive energy
MPRegen 0.10/turn                m - ring of poison resistance

@: mighty, lethally poisoned (0 -> -4), tree-form
A: stationary, stasis, torment immunity, boosted hp, small, no large weapons,
nightstalker 3
a: no special abilities


You were on level 4 of the Dungeon.
You were a tree.
You visited 1 branch of the dungeon, and saw 4 of its levels.

You collected 782 gold pieces.

Inventory:

Hand Weapons
 d - a +3 shortbow of freezing
Armour
 c - a +0 leather armour (melded)
Jewellery
 g - a ring of positive energy (left branch)
 h - a ring of ice
 m - a ring of poison resistance (right branch)
 r - a ring of fire
Wands
 i - a wand of flame (5)
Scrolls
 b - 2 scrolls of immolation
 e - a scroll of poison
 q - a scroll of magic mapping {unknown}
Potions
 a - 2 potions of berserk rage
 j - a potion of degeneration
 l - a potion of attraction
 n - a potion of resistance {unknown}
 o - a potion of heal wounds {unknown}
 p - 2 potions of might


   Skills:
 - Level 2.1 Fighting
 + Level 9.6 Ranged Weapons
 - Level 2.4 Dodging
 - Level 1.3 Stealth


You had 5 spell levels left.
You didn't know any spells.
Your spell library contained the following spells:

 Spells                   Type           Power      Damage    Failure   Level
 Ignite Poison            Fire/Tmut/Pois 0%         N/A       75%         3
 Kindle Blastsparks       Fire/Tloc/Air  0%         2d10      75%         3
 Freezing Cloud           Conj/Ice/Air   0%         6-21      100%        5


Dungeon Overview and Level Annotations

Branches:
Dungeon (4/15)
 Temple: D:4-7

Altars:
Vehumet
The Shining One


Innate Abilities, Weirdness & Mutations

You are a tree.
Your roots penetrate the ground, keeping you stationary.
You cannot be teleported.
You are immune to unholy pain and torment.
Your maximum health is greatly increased.
Your equipment is partially melded.
You are small and have problems with some larger weapons.
You are completely attuned to the shadows.


Message History

You shoot an arrow. The arrow hits the killer bee!
The arrow freezes the killer bee.
The killer bee is almost dead.
The killer bee completely misses you. The killer bee stings you!
* * * LOW HITPOINT WARNING * * *
Fire: d) +3 shortbow (freeze)
Press: ? - help, Q - select action, (/) - cycle Shift-Dir - straight line, f/p - killer bee
Aim: a killer bee (almost dead, 47% to hit)
You shoot an arrow. The arrow hits the killer bee.
The arrow freezes the killer bee.
You kill the killer bee!
The killer bee stings you but does no damage.
You feel your intelligence returning.
Okay, then.
Really quaff the potion of lignification?
You turn into a tree.
Your +0 leather armour melds into your body.
Your roots penetrate the ground.
The killer bee stings you but does no damage.
The killer bee stings you.
* * * LOW HITPOINT WARNING * * *
Your +3 shortbow of freezing stops glowing.
You are now empty-handed.
The killer bee stings you but does no damage.
You smack the killer bee!
The killer bee is heavily wounded.
The killer bee stings you but does no damage.
The killer bee stings you.
* * * LOW HITPOINT WARNING * * *
You are lethally poisoned!
The killer bee poisons you!
You closely miss the killer bee.
The killer bee is heavily wounded.
* * * LOW HITPOINT WARNING * * *
You feel sick. The killer bee stings you.
* * * LOW HITPOINT WARNING * * *
The killer bee stings you but does no damage.
You closely miss the killer bee.
The killer bee is heavily wounded.
You die...

..>......###....##.#
.........'..†....#.#
.........###....##.#
#.......## #.#...#.#
##.....## #.###.#.#
#...# #.# #.#.#
#.###.#.# .......#
###♣### #y# #y# #y#
.r#


You could see 3 killer bees and a quokka.

Vanquished Creatures
  3 killer bees (D:4)
  An orc wizard (D:3)
  4 adders
  An ufetubus (D:3)
  A worm (D:4)
  3 dart slugs
  4 orcs
  6 ball pythons
  4 endoplasms
  A giant cockroach (D:1)
  12 goblins
  5 hobgoblins
  2 jackals (D:2)
  6 quokkas
  2 bats
  A frilled lizard (D:3)
  A kobold (D:2)
  6 rats
63 creatures vanquished.

Notes
Turn   | Place    | Note
-------+----------+-------------------------------------------
     0 | D:1      | HoaS the Kobold Hunter began the quest for the Orb.
     0 | D:1      | Reached XP level 1. HP: 12/12 MP: 1/1
   205 | D:1      | Reached XP level 2. HP: 17/17 MP: 2/2
   294 | D:1      | Reached skill level 6 in Ranged Weapons
   722 | D:2      | Reached XP level 3. HP: 21/21 MP: 3/3
  1062 | D:2      | Found a glowing golden altar of the Shining One.
  1107 | D:2      | Reached skill level 7 in Ranged Weapons
  1489 | D:3      | Identified 2 scrolls of acquirement
  1489 | D:3      | Acquired 620 gold pieces
  1491 | D:3      | Acquired a +3 shortbow of freezing
  1565 | D:3      | Reached XP level 4. HP: 26/26 MP: 4/4
  1727 | D:3      | Found a radiant altar of Vehumet.
  2069 | D:3      | Identified the +0 pair of gloves of the Futuristic God
                  | {rElec}
  2129 | D:3      | Reached XP level 5. HP: 27/30 MP: 5/5
  2369 | D:3      | Reached skill level 8 in Ranged Weapons
  2869 | D:4      | Reached skill level 9 in Ranged Weapons
  2869 | D:4      | Reached XP level 6. HP: 13/35 MP: 6/6
  2878 | D:4      | HP: 2/52 [poisoned by a killer bee]
  2879 | D:4      | Succumbed to a killer bee's poison

Illustrated notes

Levels and vault maps discovered:
D:1:      dpeg_arrival_pond, layout_basic
D:2:      minmay_wonky_spiral, layout_loops_ring, basic_altar,
          minmay_misc_feat_hallway
D:3:      layout_loops_cross, vehumet_altar_wand_db, due_unseen_surprise
D:4:      layout_loops_corners, kennysheep_generic_room_15

Skill      XL: |  1  2  3  4  5 |
---------------+----------------+-----
Ranged Weapons | 6 7 9 |  9.6
Fighting       | |  2.1
Dodging        | |  2.4
Stealth        | |  1.3

Action                   |  1- 3 |  4- 6 || total
-------------------------+-------+-------++-------
Melee: Unarmed           |       |     3 ||     3
 Fire: Shortbow          |    64 |    68 ||   132
  Use: Scroll            |     8 |     2 ||    10
       Potion            |       |     4 ||     4
Armor: Leather armour    |     4 |     5 ||     9
       Skin              |       |     4 ||     4
Dodge: Dodged            |    16 |    27 ||    43

Table legend: (Time is in decaauts)
 A = Elapsed time spent in this place.
 B = Non-inter-level travel time spent in this place.
 C = Inter-level travel time spent in this place.
 D = Time resting spent in this place.
 E = Time spent auto-exploring this place.
 F = Levels seen in this place.
 G = Mean time per level.
                   A        B        C        D        E       F      G
               +--------+--------+--------+--------+--------+-----+--------+
         Total |   2902 |   2872 |     30 |    188 |   2358 |   4 |  725.5 |
       Dungeon |   2902 |   2872 |     30 |    188 |   2358 |   4 |  725.5 |
               +--------+--------+--------+--------+--------+-----+--------+

Top non-repeatable levels by time:
     D:3: 1014 daAuts
     D:2: 784 daAuts
     D:1: 714 daAuts
     D:4: 390 daAuts
